 Dungeon Crawl Stone Soup version 0.31-a0-219-g8d62b2e7bb (webtiles) character file.

Game seed: 9352651783238478899

77 Anon1729 the Trooper (level 4, 0/40 HPs)
             Began as a Minotaur Monk on July 3, 2023.
             Slain by a gnoll
             ... wielding a +0 spear
              (5 damage)
             ... on level 2 of the Dungeon.
             The game lasted 00:00:43 (1104 turns).

Anon1729 the Trooper (Minotaur Monk)                Turns: 1104, Time: 00:00:43

Health: 0/40       AC:  2    Str: 15    XL:     4   Next: 13%
Magic:  4/4        EV: 13    Int:  7    God:
Gold:   67         SH:  0    Dex: 15    Spells: 3/3 levels left

rFire   . . .        a - +0 short sword
rCold   . . .        d - orb {light}
rNeg    . . .        b - +0 robe
rPois   .            (helmet restricted)
rElec   .            (no cloak)
rCorr   .            (no gloves)
SInv    .            (no boots)
Will    .....        (no amulet)
Stlth   +            (no ring)
HPRegen 0.26/turn    (no ring)
MPRegen 0.09/turn

%: no passive effects
@: glowing
A: horns 2, retaliatory headbutt
a: no special abilities


You were on level 2 of the Dungeon.
You visited 1 branch of the dungeon, and saw 2 of its levels.

You collected 67 gold pieces.

Inventory:

Hand Weapons
 a - a +0 short sword (weapon)
Missiles
 i - 2 throwing nets
Armour
 b - a +0 robe (worn)
 d - an orb of light (worn)
Scrolls
 e - a scroll of teleportation {unknown}
 f - 4 scrolls of identify {unknown}
 h - 2 scrolls of enchant weapon {unknown}
 k - a scroll of enchant armour {unknown}
 l - a scroll of poison {unknown}
 n - a scroll of amnesia {unknown}
Potions
 g - 3 potions of curing {unknown}
 j - a potion of invisibility {unknown}
 m - a potion of mutation {unknown}
 o - a potion of berserk rage {unknown}


   Skills:
 + Level 4.2 Fighting
 + Level 3.8 Short Blades
 + Level 1.7 Armour
 + Level 3.9 Dodging
 + Level 1.4 Invocations


You had 3 spell levels left.
You didn't know any spells.
Your spell library was empty.

Dungeon Overview and Level Annotations

Branches:
Dungeon (2/15)

Altars:


Innate Abilities, Weirdness & Mutations

You have a pair of horns on your head.
You reflexively headbutt those who attack you in melee.


Message History

You feel agile.
Unknown command.
The hobgoblin attacks as you move away! The hobgoblin hits you.
* * * LOW HITPOINT WARNING * * *
Found a fizzy ruby potion and a lumpy grey potion.
The hobgoblin attacks as you move away! The hobgoblin misses you.
You furiously retaliate!
You headbutt the hobgoblin!
You kill the hobgoblin!
You see here a lumpy grey potion.
You are confused.
You feel invigorated.
You hit the gnoll but do no damage. The gnoll barely misses you.
The gnoll completely misses you.
You bump into the rock wall.
The gnoll hits you with a +0 flail. The gnoll completely misses you.
You hit the gnoll.
The gnoll is moderately wounded.
The gnoll hits you from afar with a +0 spear.
The gnoll hits you with a +0 flail!
* * * LOW HITPOINT WARNING * * *
You barely miss the gnoll.
The gnoll is moderately wounded.
You hit the gnoll.
The gnoll is heavily wounded.
The gnoll hits you with a +0 flail.
The gnoll hits you from afar with a +0 spear.
You bump into the rock wall.
The gnoll hits you with a +0 flail!
* * * LOW HITPOINT WARNING * * *
The gnoll misses you.
You're too confused to move!
You feel less invigorated.
You feel less confused. The gnoll hits you with a +0 flail.
The gnoll hits you from afar with a +0 spear.
* * * LOW HITPOINT WARNING * * *
You hit the gnoll but do no damage.
The gnoll is heavily wounded.
The gnoll hits you with a +0 flail.
* * * LOW HITPOINT WARNING * * *
The gnoll hits you from afar with a +0 spear.
You die...

#####.########
......g...#
#####.###.#
#........#########
##.##.###.##.#....#
.. #.# #..gg!!#g##
# #.# ####.#.#g# #
#.# #...#g# #####.#
#####@# #.....# ###
#.#########
...........
#.#.......#
..........#
#.........#
#.#.......#
..#....<...


You could see 3 gnolls.

Vanquished Creatures
  A gnoll (D:2)
  3 adders (D:2)
  A worm (D:2)
  A dart slug (D:1)
  3 endoplasms
  4 giant cockroaches (D:1)
  5 hobgoblins
  3 quokkas
  4 ball pythons
  3 bats (D:2)
  A frilled lizard (D:1)
  3 goblins
  A kobold (D:1)
  A rat (D:1)
34 creatures vanquished.

Notes
Turn   | Place    | Note
-------+----------+-------------------------------------------
     0 | D:1      | Anon1729 the Minotaur Monk began the quest for the Orb.
     0 | D:1      | Reached XP level 1. HP: 19/19 MP: 0/0
   147 | D:1      | Reached XP level 2. HP: 25/27 MP: 1/1
   306 | D:1      | Reached skill level 1 in Armour
   833 | D:2      | Reached skill level 4 in Fighting
   833 | D:2      | Reached skill level 1 in Invocations
   833 | D:2      | Reached XP level 3. HP: 19/33 MP: 2/2
  1081 | D:2      | Reached XP level 4. HP: 13/40 MP: 4/4
  1104 | D:2      | Slain by a gnoll

Illustrated notes

Levels and vault maps discovered:
D:1:      psy_arrival_conway, layout_basic
D:2:      layout_basic, serial_curves, eino_curves_03, eino_curves_03,
          eino_curves_02, minmay_misc_feat_rows, uniq_crazy_yiuf_cottage

Skill      XL: |  1  2 |
---------------+-------+-----
Armour         | 1 |  1.7
Fighting       | 4 |  4.2
Invocations    | 1 |  1.4
Short Blades   | |  3.8
Dodging        | |  3.9

Action                     |  1- 3 |  4- 6 || total
---------------------------+-------+-------++-------
  Melee: Short sword       |    78 |     5 ||    83
         Headbutt          |    21 |       ||    21
    Use: Potion            |       |     1 ||     1
 Armour: Robe              |    14 |       ||    14
  Dodge: Dodged            |    51 |     5 ||    56

Table legend: (Time is in decaauts)
 A = Elapsed time spent in this place.
 B = Non-inter-level travel time spent in this place.
 C = Inter-level travel time spent in this place.
 D = Time resting spent in this place.
 E = Time spent auto-exploring this place.
 F = Levels seen in this place.
 G = Mean time per level.
                   A        B        C        D        E       F      G
               +--------+--------+--------+--------+--------+-----+--------+
         Total |   1094 |   1084 |     10 |      0 |    892 |   2 |  547.0 |
       Dungeon |   1094 |   1084 |     10 |      0 |    892 |   2 |  547.0 |
               +--------+--------+--------+--------+--------+-----+--------+

Top non-repeatable levels by time:
     D:1: 742 daAuts
     D:2: 351 daAuts
